 Dungeon Crawl Stone Soup version 0.27.1-33-g824d729ab1 (webtiles) character file.

Game seed: 16916616024511665671

35 eliilek the Cudgeller (level 3, 0/49 HPs)
             Began as a Minotaur Berserker on Dec 31, 2021.
             Was a Follower of Trog.
             Slain by an adder (3 damage)
             ... on level 2 of the Dungeon.
             The game lasted 00:07:24 (1645 turns).

eliilek the Cudgeller (Minotaur Berserker)          Turns: 1645, Time: 00:07:25

Health: 0/49       AC:  2    Str: 21    XL:     3   Next: 17%
Magic:  2/2        EV:  7    Int:  4    God:    Trog [*.....]
Gold:   100        SH: 12    Dex: 10    Spells: 2/2 levels left

rFire    . . .     SeeInvis .   a - +0 mace
rCold    . . .     Faith    .   h - +0 tower shield
rNeg     . . .     Spirit   .   b - +0 animal skin
rPois    .         Reflect  .   (helmet restricted)
rElec    .         Harm     .   (no cloak)
rCorr    .         Rampage  .   (no gloves)
Will     .....                  (no boots)
Stlth    ..........             (no amulet)
HPRegen  0.16/turn              (no ring)
MPRegen  0.08/turn              (no ring)

@: berserking, lethally poisoned (0 -> -2), very quick
A: horns 2, retaliatory headbutt
a: Renounce Religion, Berserk


You were on level 2 of the Dungeon.
You worshipped Trog.
Trog was aware of your devotion.
You visited 1 branch of the dungeon, and saw 2 of its levels.

You collected 100 gold pieces.

Inventory:

Hand Weapons
 a - a +0 mace (weapon)
Missiles
 f - 15 poisoned darts (quivered)
Armour
 b - a +0 animal skin (worn)
 h - a +0 tower shield (worn)
Scrolls
 c - a scroll of teleportation {unknown}
 d - 2 scrolls of blinking {unknown}
 e - a scroll of immolation {unknown}
Potions
 g - a potion of resistance {unknown}
 i - a potion of lignification {unknown}


   Skills:
 + Level 4.0 Fighting
 * Level 4.3 Maces & Flails
 + Level 3.0 Armour
 - Level 2.5 Dodging
 * Level 0.5 Shields


You had 2 spell levels left.
You didn't know any spells.
Your spell library was empty.

Dungeon Overview and Level Annotations

Branches:
Dungeon (2/15)

Altars:

Shops:
D:2 :=


Innate Abilities, Weirdness & Mutations

You have a pair of horns on your head.
You reflexively headbutt those who attack you in melee.


Message History

You barely miss the ball python. You block the ball python's attack.
The ball python barely misses you. The ball python bites you.
The ball python grabs you. The ball python constricts you.
You hit the ball python.
You kill the ball python!
Trog accepts your kill. The adder bites you.
You miss the adder. You block the adder's attack. The adder bites you.
You hit the adder. Your headbutt misses the adder.
The adder is lightly wounded.
The adder bites you.
You are poisoned.
The adder poisons you! The adder bites you.
You are more poisoned.
The adder poisons you!
You hit the adder.
The adder is heavily wounded.
You feel very sick. The adder bites you.
You are more poisoned.
The adder poisons you! You block the adder's attack.
You barely miss the adder. Your headbutt misses the adder.
The adder is heavily wounded.
You feel very sick. The adder bites you. You block the adder's attack.
The adder bites you.
* * * LOW HITPOINT WARNING * * *
* * * LOW HITPOINT WARNING * * *
You feel sick.
* * * LOW HITPOINT WARNING * * *
You feel sick.
A red film seems to cover your vision as you go berserk!
You feel yourself moving faster!
You feel mighty!
You feel sick. The adder bites you.
* * * LOW HITPOINT WARNING * * *
You block the adder's attack.
You closely miss the adder.
The adder is heavily wounded.
* * * LOW HITPOINT WARNING * * *
You feel sick. The adder bites you.
You die...

#> ...
#.###8#..............
#....P######.........
#####'# #.........
#.....# #.........
#.....### ######(...
#.......# #####
#.......# #######
###.....# #...##.
###.@...# #...##.
#.#S##### #...##.
#...# #....(. #†###
#...... ... #......
#... #...... #...
###.... #[.. #....
#... #...#


You could see an adder.

Vanquished Creatures
  A worm (D:2)
  A dart slug (D:1)
  6 ball pythons
  2 bats (D:1)
  3 endoplasms
  4 goblins
  4 quokkas
  4 frilled lizards
  2 kobolds (D:1)
  2 rats (D:1)
29 creatures vanquished.

Notes
Turn   | Place    | Note
-------+----------+-------------------------------------------
     0 | D:1      | eliilek the Minotaur Berserker began the quest for the Orb.
     0 | D:1      | Reached XP level 1. HP: 19/19 MP: 0/0
   208 | D:1      | Reached XP level 2. HP: 26/27 MP: 1/1
   768 | D:2      | Found Adaellez's Book Shop.
   880 | D:2      | Found Xumuplil's Jewellery Shop.
  1032 | D:2      | Reached XP level 3. HP: 33/33 MP: 2/2
  1049 | D:2      | Reached ** piety under Trog
  1594 | D:2      | Found a faded altar of an unknown god.
  1645 | D:2      | Slain by an adder

Illustrated notes

Levels and vault maps discovered:
D:1:      dpeg_arrival_simpleton_c, layout_basic, minmay_close_crescents
D:2:      layout_basic, serial_shops, shop,
          nicolae_shop_competitors_out_of_business, nicolae_shop_trees,
          shapermc_ecumenical_altar_ellora

Skill      XL: |  1  2  3 |
---------------+----------+-----
Maces & Flails | 4 |  4.3
Fighting       | 4 |  4.0
Armour         | 3 |  3.0
Dodging        | |  2.5
Shields        | |  0.5

Action                   || total
-------------------------++-------
Melee: Mace              ||    63
       Headbutt          ||     4
Throw: Dart              ||     7
Invok: Berserk           ||     1
 Stab: Sleeping          ||     1
Armor: Animal skin       ||     6
Dodge: Dodged            ||    33
Block: Tower shield      ||     7
